 Dungeon Crawl Stone Soup version 0.26.1-11-gd32895ea62 (webtiles) character file.

Game seed: 2714401503388876313

164058 robloxmaster the Tortoise (level 17, -3/146 HPs)
             Began as a Minotaur Berserker on May 19, 2021.
             Was the Champion of Trog.
             Blown up by an orb spider (53 damage)
             ... with an orb of destruction
             ... on level 4 of the Spider Nest on May 20, 2021.
             The game lasted 01:31:56 (36454 turns).

robloxmaster the Tortoise (Minotaur Berserker)     Turns: 36454, Time: 01:31:57

Health: -3/146     AC: 22    Str: 36    XL:     17   Next: 25%
Magic:  16/16      EV: 12    Int:  6    God:    Trog [******]
Gold:   2737       SH:  0    Dex: 12    Spells: 16/16 levels left

rFire    + . .     SeeInvis +   R - +0 broad axe (protect)
rCold    x . .     Faith    .   E - +0 tower shield
rNeg     . . .     Spirit   .   w - +1 chain mail {rPois}
rPois    +         Reflect  +   L - +0 hat {SInv}
rElec    +         Harm     .   S - scarf {shadows}
rCorr    .         Rampage  .   b - +2 pair of gloves
Will     +++..                  J - +1 pair of boots
Stlth    ..........             G - amulet of reflection
HPRegen  1.00/turn              d - +6 ring of strength
MPRegen  0.15/turn              I - ring "Soran" {Fire +Blink rElec Str+3 Slay+2}

@: confused, regenerating
A: retaliatory headbutt, horns 2, repulsion field 2, clever 1, frail 1,
inhibited regeneration
a: Renounce Religion, Evoke Blink, Berserk, Trog's Hand, Brothers in Arms


You were on level 4 of the Spider Nest.
You worshipped Trog.
Trog was exalted by your worship.
You visited 5 branches of the dungeon, and saw 28 of its levels.

You collected 3087 gold pieces.
You spent 350 gold pieces at shops.

Inventory:

Hand Weapons
 F - a +3 antimagic war axe
 N - a +6 vorpal executioner's axe
 O - the +7 battleaxe of Infinity {freeze, *Drain +Inv rElec Stlth+}
   (You took it off a wight on level 11 of the Dungeon)

   It has been specially enchanted to freeze those struck by it, causing extra
   injury to most foes and up to half again as much damage against particularly
   susceptible opponents.
   It can also slow down cold-blooded creatures.
   It insulates you from electricity.
   It lets you turn invisible.
   It causes draining when unequipped.
   It makes you more stealthy.
 R - a +0 broad axe of protection (weapon)
Missiles
 h - 721 stones
 A - a throwing net
Armour
 b - a +2 pair of gloves (worn)
 t - a +0 plate armour
 w - a +1 chain mail of poison resistance (worn)
 E - a +0 tower shield (worn)
 J - a +1 pair of boots (worn)
 L - a +0 hat of see invisible (worn)
 S - a scarf of shadows (worn)
 X - a +0 buckler
Jewellery
 d - a +6 ring of strength (left hand)
 k - an uncursed ring of flight
 l - an uncursed amulet of the acrobat
 s - a +4 ring of protection
 C - an uncursed ring of resist corrosion
 G - an amulet of reflection (around neck)
 I - the ring "Soran" (right hand) {Fire +Blink rElec Str+3 Slay+2}
   (You found it on level 10 of the Dungeon)

   [ring of fire]

   It enhances your fire magic.
   It affects your strength (+3).
   It affects your accuracy and damage with ranged weapons and melee attacks
   (+2).
   It protects you from fire.
   It makes you vulnerable to cold.
   It insulates you from electricity.
   It lets you blink.
 M - a +6 ring of strength
 U - an uncursed amulet of regeneration
 V - a +4 ring of protection
Wands
 r - a wand of flame (72)
 u - a wand of random effects (70)
 v - a wand of acid (22)
 y - a wand of paralysis (36)
 D - a wand of iceblast (48)
 P - a wand of disintegration (5)
 Q - a wand of digging (8)
 T - a wand of enslavement (12)
 Y - a wand of polymorph (23)
Scrolls
 c - 8 scrolls of remove curse
 e - 15 scrolls of teleportation
 g - 4 scrolls of blinking
 i - 19 scrolls of identify
 j - 3 scrolls of magic mapping
 m - 8 scrolls of amnesia
 o - 8 scrolls of enchant armour
 p - 5 scrolls of enchant weapon
 q - 6 scrolls of fog
 z - 3 scrolls of noise
 B - 3 scrolls of fear
Potions
 a - 2 potions of invisibility
 n - 4 potions of curing
 x - a potion of cancellation
 H - 4 potions of might
 K - 3 potions of flight


   Skills:
 + Level 18.1 Fighting
 + Level 18.1 Axes
 + Level 18.6 Armour
 - Level 2.1 Dodging
 * Level 17.4 Shields
 - Level 4.0 Evocations


You had 16 spell levels left.
You didn't know any spells.
Your spell library was empty.

Dungeon Overview and Level Annotations

Branches:
Dungeon (15/15)            Temple (0/1) D:6            Lair (6/6) D:8
  Swamp (1/4) Lair:4       Spider (4/4) Lair:3        Slime (0/5) Lair:5
    Orc (2/2) D:11            Elf (0/3) Orc:2        Vaults (0/5) D:13
 Depths (0/5) D:15

Altars:
Ashenzari
Fedhas
Gozag
Kikubaaqudgha
Makhleb
Nemelex Xobeh
Okawaru
Sif Muna
Yredelemnul

Shops:
D:4 [(   D:11 [   Orc:2 !!*!}*(*

Portals:
Pandemonium: Orc:2

Annotations:
D:2 2 transporters
Lair:1 exclusion: oklob plant


Innate Abilities, Weirdness & Mutations

You reflexively headbutt those who attack you in melee.
You have a pair of horns on your head.
You are surrounded by a moderate repulsion field. (EV +3)
Your mind is acute. (Int +2)
You are frail. (-10% HP)
You do not regenerate when monsters are visible.


Message History

Found a wand of acid (3).
You miss the tarantella.
The tarantella is severely wounded.
The tarantella bites you!
You are more confused.
The orb spider weaves a glowing orb of energy.
An orb of destruction comes into view.
You're too confused to move!
The tarantella closely misses you.
The wavering orb of destruction hits the tarantella!!
The tarantella is blown up!
The orb spider pulsates with a strange energy.
You're too confused to move!
The orb spider weaves a glowing orb of energy.
An orb of destruction comes into view.
The orb of destruction hits you!!!
The orb spider weaves a glowing orb of energy.
The orb spider pulsates with a strange energy.
An orb of destruction comes into view.
The orb of destruction hits you!!!
You die...

##.....##..°○..... ≈.
###.........°.#..... ≈..##
#.#.......#...##.^.s ...°.
#.....##....†####...
^...###......#....## .##
#°..###..s.○......^.# #
#°...s###○☼.........^#
##...^s†.○.......#.....
###^.†)...@...#....#.....
##....†........#....#.?.#.
#..≈..†......#....... .^#
#^#≈..##....^#....
#.###..####.......#
#.............../.#
#...............
#........^##
####..........


You could see 3 orb spiders.

Vanquished Creatures
  Jorgrun (D:14)
  Rupert (D:13)
  Gastronok (D:12)
  2 emperor scorpions (Spider:3)
  Aizul (Spider:2)
  A ghost moth (Lair:3)
  A war gargoyle (D:12)
  3 entropy weavers
  Nessos (D:14)
  2 bunyips (Swamp:1)
  The ghost of Hiywul the Fighter, a journeyman MiHu of Trog (Lair:4)
  A spark wasp (Spider:4)
  Snorg (D:12)
  2 eleionomae (Lair:4)
  A yaktaur captain (D:15)
  4 vault guards (D:13)
  Erolcha (D:12)
  A boulder beetle (D:12)
  Fannar (D:10)
  4 centaur warriors
  5 hydras
  7 two-headed ogres
  2 alligators (Lair:4)
  9 orc high priests (Orc:2)
  10 skeletal warriors
  4 goliath frogs
  5 unseen horrors
  A spriggan druid (Swamp:1)
  2 infernal demonspawn (Orc:2)
  A bog body (Swamp:1)
  A wizard (D:12)
  A gelid demonspawn (Orc:2)
  A swamp dragon (Swamp:1)
  A torturous demonspawn (Orc:2)
  9 orb spiders
  4 orc knights
  21 wolf spiders
  3 orc sorcerers (Orc:2)
  A deep elf mage (D:14)
  3 cyclopes
  A will-o-the-wisp (Lair:4)
  A moth of wrath (Spider:4)
  4 elephants (Lair:3)
  7 ugly things
  A rust devil (Orc:2)
  4 black mambas
  Maggie (D:7)
  3 centaur skeletons
  3 gargoyles
  10 cane toads
  2 rime drakes
  A kobold demonologist (D:13)
  5 torpor snails
  10 demonic crawlers
  8 komodo dragons
  A yaktaur (D:15)
  2 efreet (D:15)
  A redback zombie (D:14)
  A freezing wraith (D:14)
  A tyrant leech (Swamp:1)
  15 hornets
  A troll (shapeshifter) (D:15)
  30 jumping spiders
  A hellwing (Orc:2)
  2 polar bears
  5 trolls
  17 blink frogs
  9 dream sheep
  6 slime creatures
  26 tarantellas
  46 yaks
  60 redbacks
  17 spriggans
  A ynoxinul (Orc:2)
  2 wraiths
  7 wyverns
  2 basilisks
  A fire elemental (D:12)
  A neqoxec (Orc:2)
  A steam dragon (D:12)
  4 wargs (Orc:1)
  11 vampire mosquitoes
  A swamp worm (Swamp:1)
  A floating eye (D:10)
  18 water moccasins
  A swamp drake (Swamp:1)
  30 orc warriors
  An ice beast (shapeshifter) (D:11)
  6 ice beasts
  A hornet zombie (D:15)
  8 sky beasts
  7 black bears
  3 phantoms
  An eye of draining (D:9)
  10 ogres
  4 boggarts
  41 wolves
  17 centaurs
  2 big kobolds
  15 bullfrogs
  Blork the orc (D:8)
  An elf zombie (D:9)
  A wyvern zombie (D:14)
  2 wyvern skeletons
  4 scorpions
  A troll zombie (D:9)
  11 killer bees
  23 wights
  10 electric eels
  A lava snake (D:12)
  2 centaur zombies
  2 bullfrog zombies
  5 hounds
  2 jellies
  32 orc priests
  34 orc wizards
  2 bullfrog skeletons
  5 human zombies (D:9)
  A human skeleton (D:9)
  4 iguanas
  7 worker ants
  2 hell rats (Lair:4)
  2 mummies (D:9)
  A worker ant zombie (D:8)
  9 gnolls
  13 adders
  A howler monkey skeleton (D:10)
  2 shadow imps
  2 white imps
  An ooze (D:1)
  2 ufetubi
  5 worms
  A dart slug (D:1)
  7 leopard geckos
  94 orcs
  5 giant cockroaches
  8 goblins
  12 hobgoblins
  11 jackals
  26 kobolds
  4 quokkas
  11 bats
  13 frilled lizards
  An orc skeleton (D:9)
  8 rats
1013 creatures vanquished.

Vanquished Creatures (collateral kills)
  The ghost of NateTC the Warrior, an adept FoFi of Trog (Spider:1)
  A hydra (Lair:3)
  An orc knight (Orc:2)
  2 orb spiders (Spider:1)
  A cane toad (Lair:3)
  2 tarantellas (Spider:1)
  4 orc warriors (Orc:2)
  A phantom (D:11)
  2 orc priests (Orc:2)
  5 orcs (Orc:2)
20 creatures vanquished.

Vanquished Creatures (others)
  A wolf spider (Spider:4)
  An ugly thing (D:14)
  A redback (D:14)
  2 tarantellas
  4 foxfires
  59 fungi
  138 plants
206 creatures vanquished.

Grand Total: 1239 creatures vanquished

Notes
Turn   | Place    | Note
-------+----------+-------------------------------------------
     0 | D:1      | robloxmaster the Minotaur Berserker began the quest for the
                  | Orb.
     0 | D:1      | Reached XP level 1. HP: 19/19 MP: 0/0
   386 | D:1      | Reached XP level 2. HP: 24/27 MP: 1/1
   898 | D:1      | Reached XP level 3. HP: 33/33 MP: 2/2
  1115 | D:2      | Reached ** piety under Trog
  1338 | D:2      | Found a transporter.
  1344 | D:2      | Noticed a water moccasin
  1344 | D:2      | Noticed an ogre
  1345 | D:2      | Found a transporter.
  1346 | D:2      | Noticed a bullfrog
  1353 | D:2      | Found an iron altar of Okawaru.
  1353 | D:2      | Found a burning altar of Makhleb.
  1466 | D:2      | Reached XP level 4. HP: 41/41 MP: 3/3
  1810 | D:2      | Found an ancient bone altar of Kikubaaqudgha.
  1953 | D:2      | Reached skill level 5 in Axes
  1955 | D:2      | Reached XP level 5. HP: 47/47 MP: 4/4
  2136 | D:3      | Reached skill level 5 in Fighting
  2972 | D:4      | Found Uphep's Armour Boutique.
  2980 | D:4      | Reached *** piety under Trog
  3015 | D:4      | Found a broken altar of Ashenzari.
  3184 | D:4      | Reached XP level 6. HP: 35/56 MP: 5/5
  3389 | D:4      | Reached skill level 5 in Armour
  3501 | D:4      | Found Boumeolo's Antique Weapon Shop.
  3532 | D:4      | Found an opulent altar of Gozag.
  3534 | D:4      | You fall into a shaft and drop 1 floor!
  3534 | D:5      | Entered Level 5 of the Dungeon
  3663 | D:5      | Reached XP level 7. HP: 39/63 MP: 6/6
  4683 | D:6      | Found a staircase to the Ecumenical Temple.
  5394 | D:7      | Noticed Maggie
  5396 | D:7      | Reached XP level 8. HP: 79/79 MP: 7/7
  5397 | D:7      | Reached XP level 9. HP: 90/90 MP: 8/8
  5398 | D:7      | Gained mutation: You are surrounded by a mild repulsion
                  | field. (EV +2) [potion of mutation]
  5398 | D:7      | Gained mutation: You are surrounded by a moderate repulsion
                  | field. (EV +3) [potion of mutation]
  5398 | D:7      | Gained mutation: Your mind is acute. (Int +2) [potion of
                  | mutation]
  5414 | D:7      | Killed Maggie
  5675 | D:4      | Bought a +1 pair of gloves for 161 gold pieces
  6024 | D:7      | Found a sparkling altar of Nemelex Xobeh.
  6219 | D:7      | Reached **** piety under Trog
  6598 | D:7      | Reached XP level 10. HP: 97/97 MP: 9/9
  6700 | D:8      | Found a staircase to the Lair.
  7303 | D:8      | Noticed Blork the orc
  7321 | D:8      | Killed Blork the orc
  7331 | D:8      | Found a shimmering blue altar of Sif Muna.
  7476 | D:9      | Identified the +1 leather armour "Zeixezin" {rElec Dex+3}
  7694 | D:9      | Reached ***** piety under Trog
  8297 | D:9      | Noticed a red ugly thing
  8309 | D:9      | Killed a red ugly thing
  8355 | D:9      | Found a basalt altar of Yredelemnul.
  8613 | D:10     | Entered Level 10 of the Dungeon
  8902 | D:10     | Got a steaming pewter ring
  8931 | D:10     | Identified the ring "Soran" {Fire +Blink rElec Str+3
                  | Slay+2} (You found it on level 10 of the Dungeon)
  9035 | D:10     | Killed an unseen horror
  9036 | D:10     | Reached XP level 11. HP: 93/107 MP: 10/10
  9180 | D:10     | Noticed Fannar
  9252 | D:10     | Killed Fannar
  9577 | D:10     | Noticed a two-headed ogre
  9582 | D:10     | Killed a two-headed ogre
  9583 | D:10     | Reached skill level 1 in Evocations
  9722 | D:11     | Noticed a red ugly thing
  9728 | D:11     | Killed a red ugly thing
  9728 | D:11     | Received a gift from Trog
  9822 | D:11     | Killed an unseen horror
  9894 | D:11     | Noticed an eight-headed hydra
  9908 | D:11     | Killed a nine-headed hydra
  9912 | D:11     | Identified the +7 battleaxe of Infinity {freeze, *Drain
                  | +Inv rElec Stlth+}
  9933 | D:11     | Got a coiled bone ring
 10005 | D:11     | Noticed a cyan ugly thing
 10010 | D:11     | Killed a cyan ugly thing
 10029 | D:11     | Noticed a two-headed ogre
 10037 | D:11     | Killed a two-headed ogre
 10046 | D:11     | Found a staircase to the Orcish Mines.
 10223 | D:11     | Noticed a skeletal warrior
 10223 | D:11     | Noticed a skeletal warrior
 10225 | D:11     | Noticed a skeletal warrior
 10225 | D:11     | Noticed a skeletal warrior
 10226 | D:11     | Noticed a skeletal warrior
 10231 | D:11     | Killed a skeletal warrior
 10238 | D:11     | Killed a skeletal warrior
 10239 | D:11     | Reached XP level 12. HP: 74/116 MP: 11/11
 10880 | Lair:1   | Entered Level 1 of the Lair of Beasts
 10936 | D:8      | Identified the ring "Yppaqisat" {rF+ Dex+3} (You found it
                  | on level 11 of the Dungeon)
 11065 | D:4      | Bought a +1 chain mail of poison resistance for 189 gold
                  | pieces
 11315 | Lair:1   | Reached skill level 1 in Shields
 12225 | Lair:1   | Found a blossoming altar of Fedhas.
 12674 | Lair:2   | Reached skill level 15 in Armour
 12841 | Lair:2   | Reached skill level 5 in Shields
 13905 | Lair:3   | Noticed a five-headed hydra
 13910 | Lair:3   | Killed a six-headed hydra
 13911 | Lair:3   | Reached XP level 13. HP: 119/125 MP: 12/12
 14523 | Lair:3   | Found a hole to the Spider Nest.
 15084 | Lair:4   | Received a gift from Trog
 15194 | Lair:4   | Found a staircase to the Swamp.
 15280 | Lair:4   | Reached skill level 15 in Axes
 15451 | Lair:4   | Reached skill level 15 in Fighting
 15647 | Lair:4   | Found a large runed translucent door.
 15647 | Lair:4   | Found a large runed translucent door.
 15695 | Lair:4   | Noticed Hiywul's ghost (journeyman MiHu)
 15710 | Lair:4   | Killed Hiywul's ghost
 16072 | Lair:5   | Found a staircase to the Slime Pits.
 17017 | Lair:5   | Found the +8 whip "Snakebite" {curare, rPois}
 17248 | Lair:6   | Entered Level 6 of the Lair of Beasts
 17380 | Lair:6   | Received a gift from Trog
 17381 | Lair:6   | Reached skill level 10 in Shields
 17504 | Lair:6   | Reached XP level 14. HP: 116/135 MP: 13/13
 18961 | Orc:1    | Entered Level 1 of the Orcish Mines
 19525 | Orc:1    | Reached ****** piety under Trog
 19992 | Orc:2    | Entered Level 2 of the Orcish Mines
 20101 | Orc:2    | Found Ceapn's Assorted Antiques.
 20367 | Orc:2    | Found Poluomoiw's Distillery.
 20377 | Orc:2    | Found Noshian's Distillery.
 20601 | Orc:2    | Found Kuiby's Assorted Antiques.
 20606 | Orc:2    | Found a staircase to the Elven Halls.
 20679 | Orc:2    | Received a gift from Trog
 20892 | Orc:2    | Found Gipt's General Store.
 20893 | Orc:2    | Found Sisteipeju's Distillery.
 20922 | Orc:2    | Gained mutation: You do not regenerate when monsters are
                  | visible. [a neqoxec]
 20925 | Orc:2    | Gained mutation: You are frail. (-10% HP) [a neqoxec]
 21593 | Orc:2    | Found Vykkeuwi's Antique Weapon Boutique.
 21593 | Orc:2    | Found Porulise's Gadget Shop.
 21593 | Orc:2    | Found a one-way gate leading to the halls of Pandemonium.
 21609 | Orc:2    | Received a gift from Trog
 22215 | D:11     | Found Fazxaoroj's Antique Armour Shop.
 22937 | D:12     | Noticed Gastronok
 22946 | D:12     | Killed Gastronok
 22958 | D:12     | Reached XP level 15. HP: 47/129 MP: 14/14
 23532 | D:12     | Noticed Erolcha
 23542 | D:12     | Killed Erolcha
 23950 | D:12     | Noticed Snorg
 23956 | D:12     | Killed Snorg
 24131 | D:12     | Received a gift from Trog
 24428 | D:13     | Found a gate to the Vaults.
 24947 | D:14     | Noticed Nessos
 24951 | D:14     | Killed Nessos
 24954 | D:14     | Noticed Rupert
 25263 | D:14     | Paralysed by Rupert for 2 turns
 25276 | D:13     | Killed Rupert
 25840 | D:14     | Noticed Jorgrun
 25855 | D:14     | Killed Jorgrun
 26974 | D:14     | Received a gift from Trog
 27041 | D:15     | Entered Level 15 of the Dungeon
 27834 | D:15     | Reached skill level 15 in Shields
 28136 | D:15     | Found a staircase to the Depths.
 28411 | Swamp:1  | Entered Level 1 of the Swamp
 28538 | Lair:4   | Reached XP level 16. HP: 107/139 MP: 15/15
 29653 | Spider:1 | Entered Level 1 of the Spider Nest
 30114 | Spider:1 | Noticed NateTC's ghost (adept FoFi)
 30115 | Spider:1 | Found a transporter.
 30117 | Spider:1 | Found a transporter.
 32269 | Spider:2 | Noticed Aizul
 32284 | Spider:2 | Killed Aizul
 32814 | Spider:2 | Received a gift from Trog
 34989 | Spider:4 | Entered Level 4 of the Spider Nest
 35411 | Spider:3 | Reached XP level 17. HP: 69/146 MP: 16/16
 35950 | Spider:1 | Killed NateTC's ghost
 35987 | Spider:1 | Identified a scroll of acquirement
 35987 | Spider:1 | Acquired a +0 broad axe of freezing
 36332 | Spider:4 | Got an ancient battleaxe
 36334 | Spider:4 | Identified the +0 battleaxe "Lelot" {vorpal, rN++ Int+2
                  | Dex+7} (You found it on level 4 of the Spider Nest)
 36436 | Spider:4 | Received a gift from Trog
 36454 | Spider:4 | Blown up by an orb spider

Illustrated notes

Levels and vault maps discovered:
D:1:      eino_arrival_cavern_c, layout_loops_ring, minmay_split_cup_small
D:2:      layout_loops_ring, lemuel_coloured_pillars_altar,
          gammafunk_temple_overflow_arena
D:3:      layout_basic, minmay_lizard_king
D:4:      layout_basic, cheibrodos_ashenzari_chains, grunt_gozag_statues,
          serial_shops, shop, shop
D:5:      layout_basic, minmay_misc_feat_x, serial_bayou_pond_a
D:6:      layout_basic, minmay_temple_entry_overgrown
D:7:      layout_loops_ring, old_standard_altar, minivault_19, centaur_isle,
          uniq_maggie
D:8:      layout_basic, tgw_sif, dpeg_oklobed_lair
D:9:      layout_loops_ring, lemuel_mausoleum_altar_yredelemnul
D:10:     layout_cave_pods, onia_ninara_cookie, uniq_fannar
D:11:     layout_roguey, erik_orc_3, serial_shops, nicolae_shop_waterfront,
          minmay_the_grid_square_5x5_3x3_mashed
          [minmay_the_grid_square_5x5_n_small,
          minmay_the_grid_square_5x5_checkered,
          minmay_the_grid_square_5x5_sharp_hourglass,
          minmay_the_grid_square_5x5_tri_point,
          minmay_the_grid_square_5x5_megaprize_checkered,
          minmay_the_grid_square_5x5_tie, minmay_the_grid_square_5x5_inner_v,
          minmay_the_grid_square_5x5_shrine1, minmay_the_grid_square_5x5_c]
D:12:     layout_cave_pools, kennysheep_island_fort, uniq_gastronok, uniq_snorg,
          uniq_erolcha
D:13:     layout_rooms, lightli_vaults_fourway_checkpoint
D:14:     layout_gridville, solitary_fountain, lightli_corner_chamber,
          uniq_rupert, uniq_jorgrun, uniq_nessos
D:15:     grunt_enter_depths_snipers, layout_loops_ring,
          ebering_dispersal_statue_hall
Lair:1:   layout_loops_ring, tgw_fedhas, infiniplex_staircase_pool
Lair:2:   layout_regular_city, grunt_megastairs_1
Lair:3:   layout_regular_city, spider_nest_entry_a, infiniplex_staircase_pool_2
Lair:4:   layout_concentric_octagons, minmay_swamp_entry_swarm,
          ebering_ghost_disaster_area, serial_bayou_lake_a, lemuel_fruit_fields,
          serial_bayou_shore_b
Lair:5:   minmay_guarded_unrand_snakebite, layout_hall_layers, slime_dummy,
          serial_bayou_lagoon_b, lemuel_fruit_fields
Lair:6:   minmay_lair_end_enchanted_forest, layout_regular_city
Swamp:1:  layout_falls_marsh, serial_swamp_ruin, evilmike_swamp_ruin_rubble_1,
          evilmike_swamp_ruin_rubble_2, evilmike_swamp_ruin_house_4
Spider:1: layout_spider_delve, gammafunk_ghost_arena, spiders_nest_hornet_nest
Spider:2: layout_spider_delve, uniq_aizul
Spider:3: layout_spider_delve, guppyfry_hornet_nest
Spider:4: grunt_spider_rune_circles
Orc:1:    layout_caves, nicolae_orc_stony_grotto, nooodl_orcs_dogs
Orc:2:    pf_orc_diabolical, layout_diamond_mine, serial_shops, shop_fountains,
          shop_fountains, nicolae_shop_statue_plus, shop,
          nicolae_orc_crystal_geode

Skill      XL: |  1  2  3  4  5  6  7  8  9 10 11 12 13 14 15 16 17 |
---------------+----------------------------------------------------+-----
Fighting       | 4 5 6 9 11 12 13 14 15 16 17 18 | 18.1
Axes           | 4 5 6 9 11 12 13 14 15 16 17 18 | 18.1
Armour         | 3 4 5 11 12 13 14 15 16 17 18 | 18.6
Evocations     | 3 4 |  4.0
Shields        | 6 10 12 15 17 | 17.4
Dodging        | |  2.1

Action                   |  1- 3 |  4- 6 |  7- 9 | 10-12 | 13-15 | 16-18 || total
-------------------------+-------+-------+-------+-------+-------+-------++-------
Melee: Hand axe          |    80 |   137 |   114 |    69 |       |       ||   400
       Headbutt          |    16 |    22 |    18 |   121 |   193 |   137 ||   507
       War axe           |       |       |       |   218 |       |       ||   218
       Executioner's axe |       |       |       |   191 |   836 |   103 ||  1130
       Broad axe         |       |       |       |       |       |   389 ||   389
Invok: Berserk           |     1 |     2 |     3 |     6 |    10 |     6 ||    28
       Trog's Hand       |       |       |     2 |     7 |     8 |     8 ||    25
       Brothers in Arms  |       |       |       |     3 |     1 |     2 ||     6
 Abil: Evoke Flight      |       |       |     1 |     1 |       |       ||     2
       Evoke Blink       |       |       |       |     1 |       |       ||     1
Evoke: Wand              |       |     2 |       |     2 |     1 |     2 ||     7
  Use: Potion            |       |     3 |     5 |     2 |    10 |     6 ||    26
       Scroll            |       |       |    10 |     2 |     6 |     5 ||    23
 Stab: Sleeping          |       |     2 |     1 |       |       |       ||     3
       Distracted        |       |       |       |       |       |     1 ||     1
Armor: Animal skin       |     7 |    18 |     2 |       |       |       ||    27
       Plate armour      |       |       |    28 |   214 |    98 |    41 ||   381
       Chain mail        |       |       |       |    43 |   352 |   267 ||   662
Dodge: Dodged            |    55 |    69 |   115 |   312 |   556 |   267 ||  1374
Block: Other             |       |       |       |       |   120 |    27 ||   147
       Reflection        |       |       |       |       |    14 |     2 ||    16
       Tower shield      |       |       |       |       |       |   547 ||   547
